 Dungeon Crawl Stone Soup version 0.22-a0-305-gd21a89c (webtiles) character file.

88 xccam the Chopper (level 4, -2/35 HPs)
             Began as a Formicid Fighter on Mar 30, 2018.
             Slain by an ice beast (3 damage)
             ... on level 3 of the Dungeon.
             The game lasted 00:03:35 (1640 turns).

xccam the Chopper (Formicid Fighter)                Turns: 1640, Time: 00:03:36

Health: -2/35      AC:  6    Str: 21    XL:     4   Next: 82%
Magic:  0/4        EV:  7    Int:  8    God:
Gold:   157        SH:  9    Dex: 10    Spells: 3/3 levels left

rFire    . . .     SeeInvis +   a - +0 war axe
rCold    . . .     Gourm    .   c - +0 shield
rNeg     . . .     Faith    .   b - +0 scale mail
rPois    .         Spirit   +   (helmet unavailable)
rElec    .         Reflect  .   e - scarf {Spirit}
rCorr    .         Harm     .   (no gloves)
MR       .....                  (no boots)
Stlth    ..........             (no amulet)
HPRegen  0.11/turn              l - ring of loudness (curse)
MPRegen  0.09/turn              (no ring)

@: no status effects
A: permanent stasis, dig shafts and tunnels, four strong arms, antennae 3
a: Dig, Shaft Self


You were on level 3 of the Dungeon.
You were hungry.

You visited 1 branch of the dungeon, and saw 3 of its levels.

You collected 157 gold pieces.

Inventory:

Hand Weapons
 a - a +0 war axe (weapon)
Armour
 b - a +0 scale mail (worn)
 c - a +0 shield (worn)
 e - a scarf of spirit shield (worn)
Jewellery
 l - a cursed ring of loudness (left hand)
Scrolls
 k - 2 scrolls of random uselessness {unknown}
Potions
 d - 4 potions of might
 g - a potion of cancellation {unknown}
 h - a potion of haste {unknown}
 i - a potion of mutation {unknown}
 j - a potion of curing {unknown}
 m - a potion of lignification {unknown}
Comestibles
 f - 4 rations


   Skills:
 - Level 3.2 Fighting
 + Level 4.6 Axes
 - Level 3.2 Armour
 - Level 3.6 Shields


You had 3 spell levels left.
You didn't know any spells.

Dungeon Overview and Level Annotations

Branches:
Dungeon (3/15)

Altars:


Innate Abilities, Weirdness & Mutations

You cannot be hasted, slowed, berserked, paralysed or teleported.
You can dig through walls and to a lower floor.
Your four strong arms can wield two-handed weapons with a shield.
You have a pair of large antennae on your head. (SInv)


Message History

You are too injured to fight recklessly!
You are too injured to fight recklessly!
You are too injured to fight recklessly!
You are too injured to fight recklessly!
Unknown command.
You hit the ice beast.
The ice beast is almost dead.
You block the ice beast's attack.
You hit the ice beast but do no damage.
The ice beast is almost dead.
The ice beast hits you. The ice beast freezes you!
* * * LOW HITPOINT WARNING * * *
You closely miss the ice beast.
The ice beast is almost dead.
The ice beast hits you.
* * * LOW HITPOINT WARNING * * *
The ice beast freezes you.
* * * LOW HITPOINT WARNING * * *
The ice beast hits you.
You die...

#........#
#........
#......>.
##.......##
#.........
#........
#.....Y†#
#......@#
###......#
#........#
#........#
#......###
#......#
#......######
##..........#..
###.............


You could see an ice beast.

Vanquished Creatures
  3 adders
  2 dart slugs
  A leopard gecko (D:1)
  2 ball pythons
  5 bats
  A giant cockroach (D:1)
  9 hobgoblins
  3 jackals (D:1)
  A quokka (D:2)
  5 frilled lizards
  11 goblins
  6 kobolds
  4 rats
53 creatures vanquished.

Notes
Turn   | Place    | Note
-------+----------+-------------------------------------------
     0 | D:1      | xccam the Formicid Fighter began the quest for the Orb.
     0 | D:1      | Reached XP level 1. HP: 18/18 MP: 1/1
   153 | D:1      | Reached XP level 2. HP: 24/24 MP: 2/2
   239 | D:1      | Reached skill level 3 in Axes
   379 | D:1      | Reached XP level 3. HP: 28/29 MP: 3/3
  1039 | D:2      | Reached skill level 4 in Axes
  1039 | D:2      | Reached XP level 4. HP: 35/35 MP: 4/4
  1631 | D:3      | Noticed an ice beast
  1640 | D:3      | HP: 1/35 [ice beast (5)]
  1640 | D:3      | Slain by an ice beast

Vault maps used:
D:1:      lemuel_arrival_muddy
D:2:      kennysheep_the_goblin_king
D:3:      first_ration, uniq_sigmund, uniq_terence, uniq_robin

Skill      XL: |  1  2  3 |
---------------+----------+-----
Axes           | 3 4 |  4.6
Fighting       | |  3.2
Armour         | |  3.2
Shields        | |  3.6

Action                   |  1- 3 |  4- 6 || total
-------------------------+-------+-------++-------
Melee: War axe           |   129 |    44 ||   173
  Use: Scroll            |     3 |       ||     3
  Eat: Chunk             |       |     2 ||     2
Armor: Scale mail        |    47 |    29 ||    76
Dodge: Dodged            |    45 |    15 ||    60
Block: Shield            |    70 |    24 ||    94

Table legend:
 A = Spawn XP
 B = Non-spawn XP
 C = Spawn XP percentage of total XP
 D = Spawn monster count
 E = Non-spawn monster count
 F = Spawn count percentage of total count
 G = Total turns spent on level
                    A         B        C        D         E        F      G
               +---------+---------+-------+---------+---------+-------+---------
         Total |       0 |     127 |   0.0 |       0 |      53 |   0.0 |  1640
               +---------+---------+-------+---------+---------+-------+---------
           D:1 |       0 |      45 |   0.0 |       0 |      25 |   0.0 |   666
           D:2 |       0 |      60 |   0.0 |       0 |      21 |   0.0 |   906
           D:3 |       0 |      22 |   0.0 |       0 |       7 |   0.0 |    68
               +---------+---------+-------+---------+---------+-------+---------
